 Dungeon Crawl Stone Soup version 0.31.0-9-g3a7656b989 (webtiles) character file.

Game seed: 255380895795488763

25 qw the Shooter (level 2, 0/14 HPs)
             Began as a Spriggan Hunter on Feb 2, 2024.
             Succumbed to their own poison gas
             ... on level 1 of the Dungeon.
             The game lasted 00:00:02 (571 turns).

qw the Shooter (Spriggan Hunter)                     Turns: 571, Time: 00:00:02

Health: 0/14       AC:  2    Str:  7    XL:     2   Next: 86%
Magic:  3/3        EV: 19    Int: 10    God:
Gold:   97         SH:  0    Dex: 18    Spells: 1/1 levels left

rFire   . . .        a - +0 shortbow
rCold   . . .        (shield currently unavailable)
rNeg    . . .        c - +0 robe
rPois   .            (helmet restricted)
rElec   .            (no cloak)
rCorr   .            (gloves unavailable)
SInv    +            (boots unavailable)
Will    .....        (no amulet)
Stlth   +            (no ring)
HPRegen 0.22/turn    (no ring)
MPRegen 0.08/turn

%: no passive effects
@: lethally poisoned (0 -> -9), slow
A: very small, no large weapons, unfitting armour, see invisible, speed 3
a: no special abilities


You were on level 1 of the Dungeon.
You visited 1 branch of the dungeon, and saw 1 of its levels.

You collected 97 gold pieces.


Innate Abilities, Weirdness & Mutations

You are very small and have problems with some larger weapons.
You are too small for most types of armour.
You have supernaturally acute eyesight. (SInv)
You cover ground extremely quickly. (Speed+++)


   Skills:
 - Level 1.5 Fighting
 + Level 4.3 Ranged Weapons
 - Level 4.0 Dodging
 - Level 1.5 Stealth


You had one spell level left.
You didn't know any spells.
Your spell library was empty.

Inventory:

Hand Weapons
 a - a +0 shortbow (weapon)
Armour
 c - a +0 robe (worn)
Potions
 d - a potion of magic {unknown}
 h - a potion of curing {unknown}

Dungeon Overview and Level Annotations

Branches:
Dungeon (1/15)

Altars:


Message History

There is a stone staircase leading down here.
Found a ring mail.
You enter the shallow water.
Moving in this stuff is going to be slow.
Done exploring.
Done exploring.
566 ||| READING scroll labelled CAMEXI OJYHIUG.
The air fills with toxic fumes!
As you read the scroll labelled CAMEXI OJYHIUG, it crumbles to dust.
It was a scroll of poison.
Done exploring.
567 ||| READING scroll labelled YSUEQU XYOFEO.
As you read the scroll labelled YSUEQU XYOFEO, it crumbles to dust.
The air around you briefly surges with heat, but it dissipates.
It was a scroll of immolation.
Done exploring.
568 ||| READING scroll labelled GAMOGH LOIL.
As you read the scroll labelled GAMOGH LOIL, it crumbles to dust.
It is a scroll of enchant armour.
568 ||| ENCHANTING +0 shortbow.
Done exploring.
569 ||| DROPPING scroll of butterflies.
You drop a scroll of butterflies.
You hear a splash.
Done exploring.
What level of the Dungeon? (default 1, ? - help) Sorry, I don't know how to get there.
Enter note:
Enter note:
Enter note:
Enter note:
Enter note:
Enter note:
Enter note:
Enter note:
Enter note: You are engulfed in poison gas.
You are poisoned.
Ouch! That really hurt!
You feel very sick.
571 ||| Stepping ~*~*~tactically~*~*~ (cloud).
You die...

#7~P~~~...##.....
#¤0¤¤0¤0..7#.....
##¤P0¤0¤¤.~~P#....
##P¤P¤¤¤¤¤.~~77....
#0¤¤¤¤¤P¤¤..~~7....
#7¤¤¤¤PP¤0.~~~77###
7¤¤¤¤0¤¤¤.~P777###
#7¤¤P¤P¤¤¤~P~~77...
#0@¤¤0¤¤¤¤.P~~77###
#70P¤¤P¤¤¤.~~~7
#77P¤¤¤¤¤.P~77
##70¤00P~7~#
#77¤¤~7~.#
#..0~%..# #...77..#
#.......#
##...##.##


There were no monsters in sight!

Vanquished Creatures
  2 ball pythons (D:1)
  A bat (D:1)
  7 endoplasms (D:1)
  A giant cockroach (D:1)
  A goblin (D:1)
  A kobold (D:1)
  2 quokkas (D:1)
  4 frilled lizards (D:1)
  3 rats (D:1)
22 creatures vanquished.

Notes
Turn   | Place    | Note
-------+----------+-------------------------------------------
     0 | D:1      | qw the Spriggan Hunter began the quest for the Orb.
     0 | D:1      | Reached XP level 1. HP: 10/10 MP: 2/2
     0 | D:1      | 0 ||| qw: Version: 0.3-a-155-g5e7d8dd
     0 | D:1      | 0 ||| qw: Game counter: 1764
     0 | D:1      | 0 ||| qw: Melee chars always use a shield: true
     0 | D:1      | 0 ||| qw: God list: Okawaru
     0 | D:1      | 0 ||| qw: Allow faded altars: false
     0 | D:1      | 0 ||| qw: Do Orc after clearing Dungeon:15 true
     0 | D:1      | 0 ||| qw: Do second Lair branch before Depths: true
     0 | D:1      | 0 ||| qw: Lair rune preference: random
     0 | D:1      | 0 ||| qw: Goals: Normal
     0 | D:1      | 0 ||| PLANNING D:1-11
   104 | D:1      | Reached skill level 3 in Dodging
   151 | D:1      | Reached XP level 2. HP: 14/14 MP: 3/3
   566 | D:1      | 566 ||| READING scroll labelled CAMEXI OJYHIUG.
   567 | D:1      | 567 ||| READING scroll labelled YSUEQU XYOFEO.
   568 | D:1      | 568 ||| READING scroll labelled GAMOGH LOIL.
   568 | D:1      | 568 ||| ENCHANTING +0 shortbow.
   569 | D:1      | 569 ||| DROPPING scroll of butterflies.
   570 | D:1      | HP: 1/14 [poisoned by you (poison gas)]
   571 | D:1      | 571 ||| Stepping ~*~*~tactically~*~*~ (cloud).
   571 | D:1      | Succumbed to their own poison gas

Levels and vault maps discovered:
D:1:      heliophobic_arrival_dark_side_of_the_moon, layout_rooms, serial_bayou,
          serial_bayou_pond_a, serial_bayou_shore_b, serial_bayou_ford_a,
          serial_bayou_pond_b

Skill      XL: |  1  2 |
---------------+-------+-----
Dodging        | 3 4 |  4.0
Fighting       | |  1.5
Ranged Weapons | |  4.3
Stealth        | |  1.5

Action                     || total
---------------------------++-------
   Fire: Shortbow          ||    57
    Use: Scroll            ||     3
 Armour: Robe              ||     1
  Dodge: Dodged            ||    11

Table legend:
 A = Non-vault XP
 B = Vault XP
 C = Vault XP percentage of total XP
 D = Non-vault monster count
 E = Vault monster count
 F = Vault count percentage of total count
                 A         B        C        D         E       F
            +---------+---------+-------+---------+---------+-------
      Total |      32 |       5 |  13.5 |      18 |       4 |  18.2
            +---------+---------+-------+---------+---------+-------
        D:1 |      32 |       5 |  13.5 |      18 |       4 |  18.2
            +---------+---------+-------+---------+---------+-------
